 Dungeon Crawl Stone Soup version 0.26-a0-812-g31a745ddcd (webtiles) character file.

Game seed: 3673711015816418138

1995 Azzok the Cleaver (level 9, 0/63 HPs)
             Began as a Demonspawn Berserker on Nov 17, 2020.
             Was an Elder of Trog.
             Succumbed to a killer bee's poison
             ... on level 7 of the Dungeon.
             The game lasted 00:08:36 (9201 turns).

Azzok the Cleaver (Demonspawn Berserker)            Turns: 9201, Time: 00:08:37

Health: 0/63       AC:  8    Str: 21    XL:     9   Next: 1%
Magic:  9/9        EV:  7    Int:  9    God:    Trog [****..]
Gold:   315        SH:  4    Dex: 12    Spells: 8/8 levels left

rFire    . . .     SeeInvis .   A - +3 battleaxe
rCold    . . .     Faith    .   (shield currently unavailable)
rNeg     . . .     Spirit   .   w - +0 chain mail
rPois    .         Reflect  .   (helmet restricted)
rElec    .         Harm     .   (no cloak)
rCorr    .         Rampage  .   (no gloves)
MR       .....                  (no boots)
Stlth    ..........             (no amulet)
HPRegen  0.20/turn              j - ring of flight
MPRegen  0.11/turn              (no ring)

@: lethally poisoned (0 -> -20), berserk cooldown, slowed, drained, very slow
A: antennae 1, large bone plates 1, demonic guardian 1, powered by pain 2
a: Berserk, Trog's Hand, Brothers in Arms, Renounce Religion, Evoke Flight


You were on level 7 of the Dungeon.
You worshipped Trog.
Trog was greatly pleased with you.
You visited 1 branch of the dungeon, and saw 8 of its levels.

You collected 315 gold pieces.

Inventory:

Hand Weapons
 a - a +0 hand axe
 h - a +2 dagger of electrocution
 A - a +3 battleaxe (weapon)
Missiles
 s - 3 throwing nets (quivered)
Armour
 w - a +0 chain mail (worn)
Jewellery
 j - a ring of flight (left hand)
 o - an uncursed ring of ice
Wands
 v - a wand of random effects (16)
Scrolls
 b - 5 scrolls of identify {unknown}
 c - a scroll of fog {unknown}
 e - a scroll of vulnerability {unknown}
 f - 2 scrolls of teleportation {unknown}
 g - a scroll of magic mapping {unknown}
 i - 4 scrolls of amnesia {unknown}
 k - a scroll of immolation {unknown}
 q - 3 scrolls of remove curse {unknown}
 t - a scroll of blinking {unknown}
 x - a scroll of random uselessness {unknown}
 y - a scroll of torment {unknown}
Potions
 d - a potion of brilliance {unknown}
 l - 2 potions of curing
 m - a potion of berserk rage {unknown}
 n - a potion of attraction {unknown}
 p - a potion of degeneration {unknown}
 r - 2 potions of mutation {unknown}
 u - 3 potions of haste {unknown}
 z - a potion of lignification {unknown}


   Skills:
 - Level 3.0(2.1) Fighting
 + Level 11.0(10.0) Axes
 - Level 1.7(0.9) Armour
 - Level 1.7(0.9) Dodging


You had 8 spell levels left.
You didn't know any spells.
Your spell library was empty.

Dungeon Overview and Level Annotations

Branches:
Dungeon (8/15)             Temple (0/1) D:5
   Lair: D:8-11

Altars:
Ashenzari
Elyvilon
Gozag
Hepliaklqana
Nemelex Xobeh
Okawaru
Ru
Uskayaw
Yredelemnul
Zin

Annotations:
D:6 3 runed translucent doors, p0werm0de's ghost, novice DDFi


Innate Abilities, Weirdness & Mutations

You have a pair of small antennae on your head.
You are partially covered in large bone plates. (SH +4)
A weak demonic guardian rushes to your aid.
You sometimes gain power by taking damage.


Message History

You are poisoned.
The killer bee poisons you! You block the killer bee's attack.
The killer bee stings you but does no damage.
The killer bee barely misses you. The killer bee stings you.
* * * LOW HITPOINT WARNING * * *
You are more poisoned.
The killer bee poisons you! The killer bee stings you.
* * * LOW HITPOINT WARNING * * *
You are more poisoned.
The killer bee poisons you!
You slash the killer bee!
You kill the killer bee!
Trog accepts your kill.
You have reached level 9!
Your experience leads to an increase in your attributes!
Increase (S)trength, (I)ntelligence, or (D)exterity?
You feel stronger.
Your demonic ancestry asserts itself...
You feel the presence of a demonic guardian.
You miss the killer bee.
You die...

▒▒▒▒▒ ▒···▒ ▒▒▒▒ ▒·▒·▒
···▒ ▒·▒·▒ ▒▒▒▒▒▒▒ ▒▒·▒
▒▒▒▒▒▒▒·▒·▒ ▒······ ▒·▒
▒·········▒ ▒·▒▒·▒▒
▒▒·▒▒▒·▒▒·▒▒···▒
▒·▒···▒
·······▒···▒···▒▒▒▒▒▒▒▒
▒······
▒▒·▒▒▒▒········[@y····▒
▒·▒···▒ ▒▒·▒
▒▒···▒··5▒▒▒▒▒▒·▒
▒·▒▒·▒▒ ···▒ ▒▒·▒▒▒▒▒▒
▒·▒ ▒······ ▒▒▒▒ ▒·▒
▒·▒ ▒▒▒▒†▒▒ ▒ ▒·▒ ▒·▒
▒·▒ ▒▒ ▒▒╬▒▒ ▒▒▒·▒▒▒▒
▒·▒▒ ·▒▒ ▒▒···▒▒
▒······▒ ▒··· ▒·▒▒
▒▒·····▒▒ ▒·▒·▒▒·▒ ▒▒▒·
▒▒·▒▒▒·······▒▒
▒▒·▒····▒▒ ▒·


You could see a killer bee and a friendly quasit (summoned).

Vanquished Creatures
  Sigmund (D:5)
  2 sky beasts (D:7)
  A black bear (D:6)
  2 ogres
  A centaur (D:6)
  Blork the orc (D:4)
  A gnoll sergeant (D:5)
  2 scorpions (D:7)
  2 killer bees
  4 wights
  3 howler monkeys (D:7)
  2 jellies (D:7)
  An orc priest (D:6)
  2 bullfrog zombies
  4 orc wizards
  A hound (D:6)
  A centaur skeleton (D:6)
  2 worker ants
  3 worker ant zombies
  7 gnolls
  2 howler monkey skeletons (D:7)
  7 adders
  2 shadow imps (D:7)
  A white imp (D:5)
  An ufetubus (D:7)
  2 oozes
  2 worms (D:2)
  A dart slug (D:3)
  4 leopard geckos
  13 orcs
  12 bats
  5 giant cockroaches
  9 goblins
  11 hobgoblins
  14 jackals
  9 kobolds
  3 quokkas
  2 ball pythons
  A ball python skeleton (D:4)
  7 frilled lizards
  2 gnoll zombies (D:4)
  A quokka skeleton (D:3)
  13 rats
167 creatures vanquished.

Vanquished Creatures (others)
  3 fungi (D:6)
  5 plants
8 creatures vanquished.

Grand Total: 175 creatures vanquished

Notes
Turn   | Place    | Note
-------+----------+-------------------------------------------
     0 | D:1      | Azzok the Demonspawn Berserker began the quest for the Orb.
     0 | D:1      | Reached XP level 1. HP: 18/18 MP: 1/1
     6 | D:1      | Noticed a lindwurm
     6 | D:1      | Noticed a swamp drake
     6 | D:1      | Noticed a black bear
     7 | D:1      | Noticed a hog
     7 | D:1      | Noticed a worker ant
    82 | D:1      | Reached skill level 3 in Axes
    92 | D:1      | Gained mutation: You have a pair of small antennae on your
                  | head. [demonic ancestry]
    92 | D:1      | Reached XP level 2. HP: 8/24 MP: 2/2
  1212 | D:2      | Reached XP level 3. HP: 24/29 MP: 3/3
  1345 | D:2      | Reached skill level 4 in Axes
  1470 | D:2      | Reached ** piety under Trog
  1764 | D:2      | Reached XP level 4. HP: 35/35 MP: 4/4
  2005 | D:2      | Found a sacrificial altar of Ru.
  2005 | D:2      | Found a hide-covered altar of Uskayaw.
  2806 | D:3      | Reached *** piety under Trog
  2806 | D:3      | Reached skill level 5 in Axes
  3136 | D:3      | You fall into a shaft and drop 2 floors!
  3136 | D:5      | Entered Level 5 of the Dungeon
  3137 | D:5      | Found a staircase to the Ecumenical Temple.
  3242 | D:5      | Gained mutation: You are partially covered in large bone
                  | plates. (SH +4) [demonic ancestry]
  3242 | D:5      | Reached XP level 5. HP: 18/41 MP: 5/5
  3413 | D:5      | Found a hazy altar of Hepliaklqana.
  3962 | D:4      | Reached skill level 6 in Axes
  4117 | D:4      | Gained mutation: You sometimes gain a little power by
                  | taking damage. [demonic ancestry]
  4117 | D:4      | Reached XP level 6. HP: 44/47 MP: 6/6
  4334 | D:4      | Found a broken altar of Ashenzari.
  4418 | D:4      | Noticed Blork the orc
  4433 | D:4      | Killed Blork the orc
  4668 | D:4      | You fall into a shaft and drop 1 floor!
  4678 | D:5      | Noticed Sigmund
  4697 | D:5      | Killed Sigmund
  4697 | D:5      | Reached **** piety under Trog
  4697 | D:5      | Reached skill level 7 in Axes
  4697 | D:5      | Gained mutation: You sometimes gain power by taking damage.
                  | [demonic ancestry]
  4697 | D:5      | Reached XP level 7. HP: 45/52 MP: 7/7
  4833 | D:5      | Found a glowing silver altar of Zin.
  4933 | D:5      | Reached skill level 8 in Axes
  6321 | D:6      | Reached skill level 9 in Axes
  6321 | D:6      | Reached XP level 8. HP: 58/58 MP: 8/8
  6328 | D:6      | Found a white marble altar of Elyvilon.
  6371 | D:6      | Found a runed translucent gate.
  6442 | D:6      | Found a runed translucent gate.
  6443 | D:6      | Found a runed translucent gate.
  6443 | D:6      | Noticed p0werm0de's ghost (novice DDFi)
  6443 | D:6      | Identified the +8 falchion "Bypnin" {vorpal, rC+ MR+ Int+5
                  | SInv}
  6680 | D:6      | Found a sparkling altar of Nemelex Xobeh.
  6945 | D:6      | Found a basalt altar of Yredelemnul.
  7419 | D:7      | Found an opulent altar of Gozag.
  7601 | D:7      | Found an iron altar of Okawaru.
  7870 | D:7      | Reached skill level 10 in Axes
  9185 | D:8      | Reached skill level 11 in Axes
  9201 | D:7      | Gained mutation: A weak demonic guardian rushes to your
                  | aid. [demonic ancestry]
  9201 | D:7      | Reached XP level 9. HP: 4/63 MP: 9/9
  9201 | D:7      | Succumbed to a killer bee's poison

Illustrated notes

Levels and vault maps discovered:
D:1:      onia_arrival_zoo_common, layout_basic
D:2:      wander_river, layout_basic, gammafunk_temple_overflow_elements,
          serial_forest, infiniplex_forest_straight_4,
          infiniplex_forest_clump_small, infiniplex_forest_clump_medium,
          infiniplex_forest_lined_2, infiniplex_forest_end_2,
          infiniplex_forest_clump_small, infiniplex_forest_clump_medium,
          infiniplex_forest_zigzag_1
D:3:      minmay_octagon_keep, layout_loops_ring, serial_bayou_pond_a
D:4:      layout_rooms, evilmike_ruin_ashenzari, enter_ossuary_3,
          uniq_blork_the_orc
D:5:      layout_rooms, lemuel_round_altar, overflow_temple_1_default,
          minmay_temple_entry_large_hall, uniq_sigmund
D:6:      layout_loops_corners, kennysheep_ying_yang, basic_altar,
          gammafunk_ghost_nasty_kobolds
D:7:      layout_loops_corners, nicolae_gozag_seed_capital, basic_altar
D:8:      layout_rooms, lemuel_round_altar, nicolae_overflow_crystal_walls,
          uniq_erica

Skill      XL: |  1  2  3  4  5  6  7  8 |
---------------+-------------------------+-----
Axes           | 3 4 5 6 7 9 11 | 11.0
Fighting       | |  3.0
Armour         | |  1.7
Dodging        | |  1.7

Action                   |  1- 3 |  4- 6 |  7- 9 || total
-------------------------+-------+-------+-------++-------
Melee: Hand axe          |    58 |       |    83 ||   141
       Dagger            |    65 |   246 |   212 ||   523
       Battleaxe         |       |       |    21 ||    21
Invok: Berserk           |       |     1 |     6 ||     7
       Trog's Hand       |       |       |     1 ||     1
  Use: Potion            |       |       |     2 ||     2
Armor: Animal skin       |    23 |       |       ||    23
       Ring mail         |    44 |    96 |    22 ||   162
       Chain mail        |       |       |    79 ||    79
Dodge: Dodged            |   107 |   160 |   130 ||   397
Block: Other             |       |    20 |    46 ||    66

Table legend: (Time is in decaauts)
 A = Elapsed time spent in this place.
 B = Non-inter-level travel time spent in this place.
 C = Inter-level travel time spent in this place.
 D = Time resting spent in this place.
 E = Time spent auto-exploring this place.
 F = Levels seen in this place.
 G = Mean time per level.
                   A        B        C        D        E       F      G
               +--------+--------+--------+--------+--------+-----+--------+
         Total |   9267 |   9084 |    183 |   1291 |   6421 |   8 | 1158.4 |
       Dungeon |   9267 |   9084 |    183 |   1291 |   6421 |   8 | 1158.4 |
               +--------+--------+--------+--------+--------+-----+--------+

Top non-repeatable levels by time:
     D:7: 1909 daAuts
     D:6: 1444 daAuts
     D:5: 1389 daAuts
     D:2: 1334 daAuts
     D:1: 1130 daAuts
     D:4: 1012 daAuts
     D:3: 972 daAuts
     D:8: 74 daAuts
